cohdb
Replays
Latest Replays
All Replays
Popular Replays
Top Player Replays
Match Explorer
How It Works
Community
CoH3 Stats
Reddit
Sign in to upload your games and track your stats! →
Sign in with Steam
Match 43332286
Unlisted
Match 43332286
Overview
Messages
Build Orders
End
Vickers Machine Gun Team
Royal Engineer Section
Selects Canadian Shock Battlegroup
Construct Section Command Post
ML 3-inch Mortar Team
Dingo Light Scout Car
Construct Field Infirmary
Selects Offensive Resupply
Selects Canadian Shock Section
Canadian Shock Section
Construct Platoon Command Post
Canadian Shock Section
6-pounder Anti-tank Gun Team
Construct Company Command Post
Selects Burnout
Selects Pyrotechnics
Canadian Shock Section
Crusader II Medium Tank
Crusader II Medium Tank
Burnout
Canadian Shock Section
Crusader II Medium Tank
Crusader II Medium Tank
Burnout
Selects Churchill Crocodile Heavy Tank
Churchill Crocodile Heavy Tank
Unlock M3 Grant Medium Tanks
M3 Grant Medium Tank
M3 Grant Medium Tank
M3 Grant Medium Tank
Burnout
M3 Grant Medium Tank
Canadian Shock Section
Burnout
M3 Grant Medium Tank
Burnout
Selects Point Assault
M3 Grant Medium Tank
Infantry Training
Armored Vehicle Training
Burnout
Point Assault
Devilmaki
Chief Wild
76561199580827982
pig
Joraad
BAROSZ
燕云
咳嗽到死
0
0
Comments
sign in to comment!
No comments posted yet!